 Dungeon Crawl Stone Soup version 0.17.0-8-gb983d21 (console) character file.

108332 Kloppie the Warrior (level 16, 0/159 HPs)
             Began as a Minotaur Fighter on Nov 9, 2015.
             Was the Champion of Elyvilon.
             Slain by the 27-headed Lernaean hydra (3 damage)
             ... on level 4 of the Swamp.
             The game lasted 01:18:35 (29876 turns).

Kloppie the Warrior (Minotaur Fighter)             Turns: 29876, Time: 01:18:35

Health: 0/159      AC: 31    Str: 30    XL:     16   Next: 2%
Magic:  21/21      EV: 11    Int:  5    God:    Elyvilon [******]
Gold:   2140       SH:  0    Dex: 17    Spells: 0 memorised, 15 levels left

rFire  x . .     SeeInvis .     a - +1 great mace
rCold  + + .     Clarity  .     r - +1 plate armour {rC+}
rNeg   + + .     SustAt   .     (shield currently unavailable)
rPois  +         Gourm    .     Q - +2 hat
rElec  +         Spirit   .     j - +0 cloak of Calculation {rF- rC+ Str+3} (curse)
rCorr  .         Warding  +     M - +0 pair of gloves of Willi {-Cast rElec Str+3 Dex+3}
rMut   .         Stasis   .     s - +2 pair of boots
MR     ++...     NoCast   +     W - macabre finger necklace {Ward rN+}
Stlth  ..........               D - ring "Enkuar" {rPois rN+ Stlth-}
                                n - +3 ring of protection
                                S - ring of protection from magic

@: lethally poisoned (0 -> -1), about to teleport, very resistant to hostile
enchantments, extremely unstealthy
A: retaliatory headbutt, horns 2
a: Lesser Healing, Divine Protection, Heal Other, Purification, Greater Healing,
Divine Vigour, Renounce Religion


You were on level 4 of the Swamp.
You worshipped Elyvilon.
Elyvilon was exalted by your worship.
You were not hungry.

You visited 5 branches of the dungeon, and saw 27 of its levels.

You collected 2595 gold pieces.
You spent 455 gold pieces at shops.

Inventory:

Hand Weapons
 a - a +1 great mace (weapon)
 b - a +2 whip of electrocution
Armour
 c - a +0 shield
 j - the cursed +0 cloak of Calculation (worn) {rF- rC+ Str+3}
   (You found it on level 2 of the Swamp)

   It affects your strength (+3).
   It makes you vulnerable to fire.
   It protects you from cold.
   It has a curse placed upon it.
 r - a +1 plate armour of cold resistance (worn)
 s - a +2 pair of boots (worn)
 G - a +0 shield of reflection
 M - the +0 pair of gloves of Willi (worn) {-Cast rElec Str+3 Dex+3}
   (You found it on level 8 of the Dungeon)

   It affects your strength (+3).
   It affects your dexterity (+3).
   It insulates you from electricity.
   It prevents spellcasting.
 O - the +2 cloak "Qoxam" {+Blink}
   (You found it on level 9 of the Dungeon)

   It lets you blink.
 Q - a +2 hat (worn)
 T - the +1 plate armour "Yblir" {rCorr}
   (You found it on level 3 of the Lair of Beasts)

   It protects you from acid and corrosion.
 V - the +0 pair of gloves of Greater Demons {rPois rN+ MP+9 Str-4 Dex-4}
   (You found it on level 3 of the Swamp)

   It affects your strength (-4).
   It affects your dexterity (-4).
   It protects you from poison.
   It protects you from negative energy.
   It affects your magic capacity (+9).
Jewellery
 d - an uncursed ring of positive energy
 n - a +3 ring of protection (left hand)
 w - an uncursed ring of ice
 x - an uncursed amulet of resist corrosion
 D - the ring "Enkuar" (right hand) {rPois rN+ Stlth-}
   (You bought it in a shop on level 4 of the Orcish Mines)

   [ring of loudness]

   It protects you from poison.
   It protects you from negative energy.
   It makes you less stealthy.
 S - a ring of protection from magic (on amulet)
 U - an uncursed ring of fire
 W - the macabre finger necklace (around neck) {Ward rN+}
   (You found it on level 5 of the Lair of Beasts)

   [amulet of warding]

   It may prevent the melee attacks of summoned creatures.
   It protects you from negative energy.
Wands
 p - a wand of confusion (22)
 u - a wand of enslavement (13)
 y - a wand of paralysis (14)
 B - a wand of disintegration (14)
 N - a wand of digging (12)
Scrolls
 g - 3 scrolls of magic mapping
 h - 11 scrolls of remove curse
 l - a scroll of fear
 q - a scroll of enchant armour
 t - 4 scrolls of fog
 F - 2 scrolls of teleportation
 H - a scroll of blinking
 I - 3 scrolls of recharging
 P - 2 scrolls of identify
 R - 5 scrolls of summoning
Potions
 i - a potion of cancellation
 m - a potion of resistance
 o - 7 potions of brilliance
 v - 5 potions of flight
 z - 6 potions of curing
 C - a potion of berserk rage
 E - a potion of might
 K - 3 potions of heal wounds
 L - 4 potions of agility
Miscellaneous
 A - a disc of storms
 J - a lamp of fire
Comestibles
 e - 11 bread rations
 f - 8 meat rations
 k - 20 fruits


   Skills:
 - Level 18.5 Fighting
 - Level 16.2 Maces & Flails
 - Level 18.0 Armour
 + Level 4.4 Dodging
 - Level 3.6 Shields
 - Level 6.1 Invocations
 - Level 8.6 Evocations


You had 15 spell levels left.
You didn't know any spells.

Dungeon Overview and Level Annotations

Branches:
Dungeon (10/15)            Temple (1/1) D:5            Lair (8/8) D:9
  Swamp (4/4) Lair:5       Spider (0/4) Lair:5        Slime (0/6) Lair:8
    Orc (4/4) D:10            Elf (0/3) Orc:4

Altars:
Ashenzari
Elyvilon
Fedhas
Gozag
Okawaru
Qazlal
Ru
Sif Muna
Trog
Xom
Zin
The Shining One
Beogh

Shops:
Orc:1 !   Orc:4 *=}}

Portals:
Trove: D:10 (lose all piety)

Annotations:
D:5 Pikel
Lair:6 exclusion: 3 oklob plants
Swamp:4 Lernaean hydra


Innate Abilities, Weirdness & Mutations

You reflexively headbutt those who attack you in melee.
You have a pair of horns on your head.


Message History

The 27-headed Lernaean hydra bites you!
* * * LOW HITPOINT WARNING * * *
The 27-headed Lernaean hydra bites you!
* * * LOW HITPOINT WARNING * * *
The 27-headed Lernaean hydra closely misses you.
The 27-headed Lernaean hydra bites you but does no damage.
The 27-headed Lernaean hydra bites you!
* * * LOW HITPOINT WARNING * * *
The 27-headed Lernaean hydra bites you but does no damage. x2
The 27-headed Lernaean hydra barely misses you.
The 27-headed Lernaean hydra bites you but does no damage.
The 27-headed Lernaean hydra bites you.
* * * LOW HITPOINT WARNING * * *
The 27-headed Lernaean hydra bites you.
* * * LOW HITPOINT WARNING * * *
The 27-headed Lernaean hydra bites you but does no damage.
The 27-headed Lernaean hydra bites you.
* * * LOW HITPOINT WARNING * * *
The 27-headed Lernaean hydra bites you.
You die...

♣≈≈≈* ♣♣♣...≈≈..≈≈≈.≈♣ ♣♣≈..♣
♣.≈≈* ♣.≈≈≈..≈..≈≈≈≈.♣ ♣.≈.≈
♣≈≈≈♣♣♣♣≈≈≈..≈≈.≈≈≈≈≈.♣♣♣♣♣♣.≈≈.
♣*♣.....♣§..≈§...≈≈≈≈≈.≈≈.?♣♣..≈F
♣ ♣♣≈≈≈.♣♣≈.≈≈≈♣♣.≈≈≈.≈≈≈≈≈.≈.≈§≈
♣♣♣♣.§≈...≈§≈≈.♣♣≈§.≈♣♣.≈≈≈..≈≈≈.
♣♣≈♣♣♣♣..≈.≈≈≈.≈.≈≈≈≈♣..≈≈...≈≈§.
...♣♣ ♣♣...≈≈.♣≈.....♣♣≈.≈≈≈≈.♣♣♣
....♣♣♣.≈≈≈≈§.≈♣@§≈≈.♣♣♣♣♣♣.(.♣ ♣
≈.≈.♣♣.≈≈≈≈≈≈≈.≈D≈≈..♣* ♣♣♣≈♣
.≈≈.♣♣♣≈≈≈≈≈≈§≈♣..♣♣♣§♣ ♣♣♣ ....♣
♣♣.§≈≈≈≈≈§≈≈♣♣≈♣♣♣ ...♣♣
♣♣.≈≈≈≈.≈≈♣♣♣≈≈≈♣♣ *♣♣♣♣ ≈.♣♣
♣♣≈§≈≈≈♣♣♣≈♣≈≈≈.§♣ *≈≈≈♣
.≈.♣♣♣♣♣...≈♣♣♣♣.♣≈≈≈≈§≈♣♣♣.≈.♣ *
...≈..≈≈...≈♣ ♣♣..≈≈≈§...♣≈.≈♣♣♣♣
..≈..≈≈....♣♣♣♣.≈≈≈≈≈≈.D≈≈§....≈♣


You could see the 27-headed Lernaean hydra.

Vanquished Creatures
  Roxanne (Swamp:3)
  Donald (Swamp:3)
  Maud (Orc:4)
  Aizul (Swamp:3)
  An orc warlord (Orc:3)
  Erolcha (Orc:1)
  Josephine (Lair:4)
  The ghost of Potsanchik the Tainter, a journeyman FoVM of Vehumet (Orc:4)
  10 hydras
  2 ghost crabs (Swamp:3)
  4 alligators
  3 orc high priests (Orc:4)
  Urug (D:10)
  17 death yaks
  5 spriggans
  A fire crab (Lair:8)
  7 orc knights
  2 swamp dragons
  2 hill giants (D:10)
  4 shambling mangroves
  A deep elf conjurer (Orc:4)
  2 oklob plants (Lair:8)
  2 griffons (Lair:5)
  5 orc sorcerers
  A guardian serpent (Lair:8)
  4 hornets
  9 elephants
  Maurice (D:9)
  2 wolf spiders (Lair:8)
  A torpor snail (Lair:3)
  10 black mambas
  35 spiny frogs
  7 komodo dragons
  A troll (Orc:3)
  A two-headed ogre (D:9)
  7 giant leeches
  3 bog bodies
  Grinder (D:3)
  A fire drake (Lair:4)
  29 blink frogs
  A jumping spider (Lair:5)
  A shadow (Swamp:2)
  8 slime creatures
  4 wraiths
  Sigmund (D:5)
  2 wyverns
  53 yaks
  A deep elf mage (D:8)
  5 basilisks
  9 hippogriffs
  Menkaure (D:4)
  13 vampire mosquitoes
  26 swamp worms
  2 wargs
  5 insubstantial wisps (Swamp:3)
  20 water moccasins
  9 swamp drakes
  Duvessa (D:4)
  8 porcupines
  6 spiders (Lair:8)
  12 ogres
  A slave (D:6)
  A black bear (Lair:1)
  20 orc warriors
  12 wasps
  A sky beast (D:8)
  3 ice beasts
  4 big kobolds
  A necrophage (D:5)
  9 crocodiles
  14 giant frogs
  2 centaurs (D:6)
  A wyvern skeleton (D:9)
  Dowan (D:4)
  13 killer bees
  3 scorpions
  8 wights
  4 electric eels (Lair:5)
  3 hounds
  A giant frog zombie (D:10)
  2 crimson imps
  A jelly (D:10)
  2 centaur skeletons
  12 orc priests
  19 orc wizards
  Terence (D:2)
  9 worker ants
  6 hell rats (Lair:7)
  11 iguanas
  12 sheep
  A hound zombie (D:9)
  A hound skeleton (D:6)
  3 worker ant zombies
  Robin (D:4)
  7 gnolls
  64 river rats
  20 adders
  A shadow imp (D:8)
  12 white imps (Lair:5)
  3 adder skeletons
  3 worms
  4 giant geckos
  106 orcs
  10 bats
  12 hobgoblins
  A quokka (D:7)
  A ball python (D:8)
  6 giant cockroaches
  A giant gecko zombie (D:8)
  7 giant newts
  13 goblins
  14 jackals
  11 kobolds
  A quokka zombie (D:10)
  12 rats
869 creatures vanquished.

Vanquished Creatures (others)
  A swamp worm (Swamp:3)
  4 orcs
  7 bushes
  31 fungi
  37 plants
80 creatures vanquished.

Grand Total: 949 creatures vanquished

Notes
Turn   | Place    | Note
--------------------------------------------------------------
     0 | D:1      | Kloppie the Minotaur Fighter began the quest for the Orb.
     0 | D:1      | Reached XP level 1. HP: 19/19 MP: 0/0
   188 | D:1      | Reached skill level 4 in Armour
   188 | D:1      | Reached XP level 2. HP: 27/27 MP: 1/1
   741 | D:1      | Reached XP level 3. HP: 33/33 MP: 2/2
  1135 | D:2      | Found a glowing silver altar of Zin.
  1135 | D:2      | Found a glowing golden altar of the Shining One.
  1136 | D:2      | Found a white marble altar of Elyvilon.
  1148 | D:2      | Became a worshipper of Elyvilon the Healer
  1209 | D:2      | Noticed Terence
  1335 | D:2      | Killed Terence
  1335 | D:2      | Reached XP level 4. HP: 39/41 MP: 3/3
  1837 | D:2      | Reached skill level 5 in Armour
  1842 | D:2      | Reached XP level 5. HP: 47/47 MP: 4/4
  2067 | D:3      | Reached skill level 5 in Fighting
  2136 | D:3      | Noticed Grinder
  2414 | D:3      | Paralysed by Grinder for 2 turns
  2427 | D:3      | Killed Grinder
  2427 | D:3      | Reached skill level 5 in Maces & Flails
  2427 | D:3      | Reached XP level 6. HP: 37/57 MP: 5/5
  2602 | D:4      | Reached * piety under Elyvilon
  2736 | D:4      | Reached skill level 6 in Fighting
  2801 | D:4      | Noticed Menkaure
  2811 | D:4      | Killed Menkaure
  2811 | D:4      | Reached XP level 7. HP: 32/63 MP: 6/6
  2940 | D:4      | Noticed Duvessa
  2940 | D:4      | Noticed Dowan
  2954 | D:4      | Killed Duvessa
  2991 | D:4      | Killed Dowan
  3274 | D:4      | Found a shimmering altar of Xom.
  3280 | D:4      | Found a shimmering altar of Xom.
  3281 | D:4      | Found a shimmering altar of Xom.
  3281 | D:4      | Found a shimmering altar of Xom.
  3281 | D:4      | Found a shimmering altar of Xom.
  3282 | D:4      | Found a shimmering altar of Xom.
  3283 | D:4      | Found a shimmering altar of Xom.
  3482 | D:4      | Reached skill level 7 in Fighting
  3724 | D:4      | Noticed Robin
  3735 | D:4      | Killed Robin
  3978 | D:5      | Entered Level 5 of the Dungeon
  3978 | D:5      | Found a shattered altar of Ashenzari.
  4021 | D:5      | Noticed Sigmund
  4045 | D:5      | Killed Sigmund
  4045 | D:5      | Reached XP level 8. HP: 42/73 MP: 7/7
  4163 | D:5      | Found a staircase to the Ecumenical Temple.
  4197 | D:5      | Reached ** piety under Elyvilon
  4252 | D:5      | Noticed Pikel
  4324 | Temple   | Entered the Ecumenical Temple
  4590 | D:5      | HP: 3/74 [slave[Pikel] (5)]
  5005 | D:6      | Reached skill level 8 in Fighting
  5115 | D:6      | Found an opulent altar of Gozag.
  5311 | D:6      | Found a deep blue altar of Sif Muna.
  5312 | D:6      | Found a sacrificial altar of Ru.
  5897 | D:7      | Reached *** piety under Elyvilon
  5955 | D:7      | Found a blossoming altar of Fedhas.
  6196 | D:7      | Reached skill level 9 in Fighting
  6196 | D:7      | Reached XP level 9. HP: 74/83 MP: 8/8
  6362 | D:8      | Found an iron altar of Okawaru.
  6774 | D:8      | Got a pair of brightly glowing gloves
  6877 | D:8      | Identified the +0 pair of gloves of Willi {-Cast rElec Str+3 Dex+3} (You found it on level 8 of the Dungeon)
  7013 | D:8      | Reached skill level 10 in Fighting
  7043 | D:8      | Reached **** piety under Elyvilon
  7055 | D:8      | Reached skill level 10 in Maces & Flails
  7055 | D:8      | Reached skill level 10 in Armour
  7346 | D:9      | Reached XP level 10. HP: 71/94 MP: 9/9
  7414 | D:9      | Got a spiked cloak
  7420 | D:9      | Identified the +2 cloak "Qoxam" {+Blink} (You found it on level 9 of the Dungeon)
  7480 | D:9      | Reached skill level 1 in Invocations
  7510 | D:9      | Noticed a three-headed hydra
  7518 | D:9      | Killed a three-headed hydra
  7518 | D:9      | Reached skill level 11 in Fighting
  7652 | D:9      | Found a staircase to the Lair.
  7652 | D:9      | Noticed Maurice
  7672 | D:9      | Killed Maurice
  7918 | Lair:1   | Entered Level 1 of the Lair of Beasts
  8667 | Lair:1   | Reached skill level 12 in Maces & Flails
  8667 | Lair:1   | Reached skill level 5 in Invocations
  8667 | Lair:1   | Reached XP level 11. HP: 84/104 MP: 13/13
  9076 | Lair:2   | Found a stormy altar of Qazlal.
  9422 | Lair:3   | Noticed a death yak
  9440 | Lair:3   | Killed a death yak
  9790 | Lair:3   | Got a scorched plate armour
  9801 | Lair:3   | Identified the cursed +1 plate armour "Yblir" {rCorr} (You found it on level 3 of the Lair of Beasts)
  9826 | Lair:3   | Reached ***** piety under Elyvilon
 10250 | Lair:4   | Found a white marble altar of Elyvilon.
 10250 | Lair:4   | Noticed Josephine
 10447 | Lair:4   | Killed Josephine
 10447 | Lair:4   | Reached skill level 13 in Maces & Flails
 10788 | Lair:5   | Reached XP level 12. HP: 85/115 MP: 15/15
 10913 | Lair:5   | Found a hole to the Spider Nest.
 10921 | Lair:5   | Noticed a four-headed hydra
 10932 | Lair:5   | Killed a four-headed hydra
 11119 | Lair:5   | Found a frozen archway.
 11126 | Lair:5   | Reached skill level 14 in Maces & Flails
 11689 | Lair:5   | Found a staircase to the Swamp.
 12556 | Lair:6   | Noticed a catoblepas
 12558 | Lair:6   | Pacified a catoblepas
 13446 | Lair:6   | Reached XP level 13. HP: 115/125 MP: 16/16
 13580 | Lair:6   | Reached skill level 15 in Maces & Flails
 14194 | Lair:6   | Reached skill level 15 in Fighting
 15308 | Lair:7   | Reached skill level 15 in Armour
 15357 | Lair:7   | Reached skill level 16 in Maces & Flails
 16059 | D:10     | Entered Level 10 of the Dungeon
 16129 | D:10     | Reached skill level 1 in Evocations
 16147 | D:10     | Reached XP level 14. HP: 128/136 MP: 17/17
 16259 | D:10     | Noticed Urug
 16269 | D:10     | Killed Urug
 16315 | D:10     | Found a portal to a secret trove of treasure.
 16380 | D:10     | Found a staircase to the Orcish Mines.
 16394 | D:10     | Found a roughly hewn altar of Beogh.
 16668 | Orc:1    | Entered Level 1 of the Orcish Mines
 16671 | Orc:1    | Noticed Erolcha
 16684 | Orc:1    | Killed Erolcha
 16883 | Orc:1    | Found Xipu's Distillery.
 17317 | Orc:3    | Reached ****** piety under Elyvilon
 18332 | Orc:2    | Found a roughly hewn altar of Beogh.
 18627 | Orc:3    | Found a shimmering altar of Xom.
 18741 | Orc:4    | Entered Level 4 of the Orcish Mines
 18741 | Orc:4    | Noticed Maud
 18764 | Orc:4    | Killed Maud
 19054 | Orc:4    | Noticed Potsanchik's ghost (journeyman FoVM)
 20363 | Orc:4    | Killed Potsanchik's ghost
 20523 | Orc:3    | Noticed an orc warlord
 20542 | Orc:3    | Killed an orc warlord
 20737 | Orc:4    | Found a bloodstained altar of Trog.
 20895 | Orc:4    | Found a staircase to the Elven Halls.
 21813 | Orc:4    | Found Igoac's Gadget Shop.
 21813 | Orc:4    | Found Nuafeda's Assorted Antiques.
 21815 | Orc:4    | Found Botsecaf's Gadget Shop.
 21815 | Orc:4    | Found Nosaih's Jewellery Emporium.
 21826 | Orc:4    | Bought a crude ivory ring for 115 gold pieces
 21826 | Orc:4    | Bought a metallic black potion for 20 gold pieces
 21828 | Orc:4    | Bought the ring "Enkuar" {rPois rN+ Stlth-} for 320 gold pieces
 21828 | Orc:4    | Identified the ring "Amomob" {AC+3 Int+6} (You bought it in a shop on level 4 of the Orcish Mines)
 22080 | Lair:8   | Entered Level 8 of the Lair of Beasts
 22147 | Lair:8   | Reached skill level 5 in Evocations
 22421 | Lair:8   | Found a staircase to the Slime Pits.
 22450 | Lair:8   | Reached skill level 17 in Fighting
 23450 | Lair:8   | Reached XP level 15. HP: 98/147 MP: 18/18
 24170 | Swamp:1  | Entered Level 1 of the Swamp
 26206 | Swamp:2  | Got a warped cloak
 26217 | Swamp:2  | Identified the cursed +0 cloak of Calculation {rF- rC+ Str+3} (You found it on level 2 of the Swamp)
 26470 | Swamp:2  | Reached skill level 18 in Fighting
 27054 | Swamp:3  | Noticed Roxanne
 27068 | Swamp:3  | Killed Roxanne
 27567 | Swamp:3  | Noticed Donald
 27581 | Swamp:3  | Killed Donald
 27682 | Swamp:3  | Noticed Aizul
 27698 | Swamp:3  | Killed Aizul
 28540 | Swamp:3  | Got a pair of brightly glowing gloves
 28541 | Swamp:3  | Identified the +0 pair of gloves of Greater Demons {rPois rN+ MP+9 Str-4 Dex-4} (You found it on level 3 of the Swamp)
 28755 | Swamp:4  | Entered Level 4 of the Swamp
 29167 | Swamp:4  | Reached skill level 1 in Dodging
 29596 | Swamp:4  | Noticed the 27-headed Lernaean hydra
 29848 | Swamp:4  | Reached XP level 16. HP: 127/159 MP: 21/21
 29876 | Swamp:4  | HP: 5/159 [the 27-headed Lernaean hydra (3)]
 29876 | Swamp:4  | Slain by the 27-headed Lernaean hydra

Action                   |  1- 3 |  4- 6 |  7- 9 | 10-12 | 13-15 | 16-18 || total
-------------------------+-------+-------+-------+-------+-------+-------++-------
Melee: Flail             |    75 |   129 |   226 |       |       |       ||   430
       Whip              |       |       |   149 |   322 |       |       ||   471
       Great mace        |       |       |       |   386 |  1527 |    10 ||  1923
Invok: Greater Healing   |       |       |       |     8 |     6 |       ||    14
       Purification      |       |       |       |     1 |     1 |       ||     2
       Heal Other        |       |       |       |     1 |       |       ||     1
Evoke: Wand              |       |       |     1 |       |     2 |       ||     3
  Use: Potion            |       |     1 |     5 |       |       |       ||     6
       Scroll            |       |       |    18 |     7 |    17 |     2 ||    44
 Stab: Invisible         |       |       |     3 |       |       |       ||     3
       Paralysed         |       |       |     1 |       |       |       ||     1
  Eat: Chunk             |     1 |     5 |    14 |    21 |    33 |       ||    74
       Pizza             |       |       |     1 |     2 |     3 |       ||     6
       Fruit             |       |       |       |       |     6 |       ||     6
       Meat ration       |       |       |       |       |     3 |       ||     3
